 Dungeon Crawl Stone Soup version 0.30-a0-596-g0af90f9a20 (webtiles) character file.

Game seed: 5468048675735464602

8523 bmack86 the Fighter (level 11, -6/102 HPs)
             Began as a Minotaur Fighter on Jan 7, 2023.
             Was a High Priest of Okawaru.
             Mangled by a wolf (7 damage)
             ... led by Grum
             ... on level 8 of the Dungeon.
             The game lasted 00:17:56 (7221 turns).

bmack86 the Fighter (Minotaur Fighter)              Turns: 7221, Time: 00:17:57

Health: -6/102     AC: 20    Str: 26    XL:     11   Next: 11%
Magic:  13/13      EV:  7    Int:  5    God:    Okawaru [*****.]
Gold:   439        SH:  5    Dex:  9    Spells: 10/10 levels left

rFire   . . .      SeeInvis .    a - +0 war axe
rCold   . . .      Faith    .    c - +0 buckler
rNeg    . . .      Spirit   .    t - +0 plate armour
rPois   .          Reflect  .    (helmet restricted)
rElec   .          Harm     .    B - +0 cloak {Will+}
rCorr   .          Rampage  .    s - +0 pair of gloves
Will    +++..                    g - +2 pair of boots {Fly} Stlth
                                 (no amulet)
HPRegen 0.37/turn                q - ring of willpower
MPRegen 0.13/turn                F - ring of willpower

@: flying
A: horns 2, retaliatory headbutt
a: Renounce Religion, Heroism, Finesse, Duel


You were on level 8 of the Dungeon.
You worshipped Okawaru.
Okawaru was extremely pleased with you.
You visited 2 branches of the dungeon, and saw 9 of its levels.
You visited the Abyss 1 time.

You collected 439 gold pieces.

Inventory:

Hand Weapons
 a - a +0 war axe (weapon)
Missiles
 u - 2 boomerangs of dispersal (quivered)
 E - a silver javelin
Armour
 c - a +0 buckler (worn)
 g - a +2 pair of boots of flying (worn)
 s - a +0 pair of gloves (worn)
 t - a +0 plate armour (worn)
 B - a +0 cloak of willpower (worn)
Jewellery
 n - a ring of wizardry
 q - a ring of willpower (left hand)
 v - a +5 ring of evasion
 z - a +6 ring of strength
 F - a ring of willpower (right hand)
 H - a ring of protection from fire
Wands
 j - a wand of polymorph (8)
 y - a wand of mindburst (21)
 A - a wand of digging (5)
Scrolls
 d - a scroll of identify
 h - 2 scrolls of fear
 k - 4 scrolls of teleportation
 o - 2 scrolls of fog
 r - 2 scrolls of noise
 G - a scroll of blinking {unknown}
Potions
 b - 2 potions of ambrosia
 e - a potion of flight
 f - 2 potions of brilliance
 i - 2 potions of lignification
 l - 6 potions of curing
 m - a potion of magic {unknown}
 p - 3 potions of heal wounds
 w - a potion of haste
 x - a potion of mutation {unknown}
 C - a potion of cancellation {unknown}
 D - 3 potions of attraction {unknown}


   Skills:
 * Level 11.5 Fighting
 * Level 11.3 Axes
 + Level 4.6 Throwing
 + Level 8.6 Armour
 + Level 8.5 Shields
 + Level 4.6 Invocations


You had 10 spell levels left.
You didn't know any spells.
Your spell library contained the following spells:

 Spells                   Type           Power      Damage    Failure   Level
 Magic Dart               Conj           0%         1d3       100%        1
 Frozen Ramparts          Ice            0%         1d1       100%        3
 Mephitic Cloud           Conj/Pois/Air  0%         N/A       100%        3
 Ice Form                 Ice/Tmut       0%         N/A       100%        4
 Call Imp                 Summ           Unusable   N/A       N/A         2
 Summon Ice Beast         Ice/Summ       Unusable   N/A       N/A         4

Dungeon Overview and Level Annotations

Branches:
Dungeon (8/15)             Temple (1/1) D:4            Lair (0/5) D:8

Altars:
Ashenzari
Cheibriados
Dithmenos
Elyvilon
Fedhas
Gozag
Hepliaklqana
Kikubaaqudgha
Makhleb
Nemelex Xobeh
Okawaru
Qazlal
Ru
Sif Muna
Trog
Uskayaw
Vehumet
Wu Jian
Xom
Yredelemnul
The Shining One

Annotations:
D:8 Grum


Innate Abilities, Weirdness & Mutations

You have a pair of horns on your head.
You reflexively headbutt those who attack you in melee.


Message History

You feel a bit more experienced.
You hit the shadow. You barely miss the wolf. The wolf bites you.
The wolf bites you but does no damage. You block Grum's attack.
You block the shadow's attack. The wolf bites you but does no damage.
Grum barely misses you. You furiously retaliate!
You headbutt Grum! The shadow completely misses you.
The wolf bites you but does no damage.
Items here: ) ? [ ††.
You hit the shadow but do no damage.
The shadow is lightly damaged.
You slash Grum! You barely miss the wolf. The wolf bites you.
You block Grum's attack.
The shadow slips into darkness.
The shadow flickers and vanishes!
Deactivating autopickup; reactivate with Ctrl-A.
You closely miss something. You hit Grum. You barely miss the wolf.
The wolf closely misses you. The wolf barely misses you.
Grum hits you but does no damage.
The shadow strikes at you from the darkness!
* * * LOW HITPOINT WARNING * * *
Reactivating autopickup.
You slash the shadow! You headbutt the shadow.
The shadow is almost destroyed.
You hit Grum but do no damage. You slash the wolf! You block the wolf's attack.
Grum hits you with a +1 glaive!
* * * LOW HITPOINT WARNING * * *
The shadow hits you.
You slash the shadow!
You destroy the shadow!
Okawaru accepts your kill.
You miss the wolf. You barely miss Grum. You block the wolf's attack.
The wolf completely misses you. Grum hits you with a +1 glaive!
* * * LOW HITPOINT WARNING * * *
The wolf attacks as you move away! The wolf barely misses you.
The wolf closely misses you. You furiously retaliate!
You headbutt the wolf! Grum hits you with a +1 glaive.
* * * LOW HITPOINT WARNING * * *
You slash Grum! You headbutt Grum!
Grum is almost dead.
You hit the wolf. The wolf bites you!
You die...

#.......#...
.........##.#.......#...
............#.......#...
............#.......#...
...........#.......#...
##.........#.......#...
#..........#.#...#.##..
.#..........####.####...
......g@....# #.#.# #...
..#....h....####.####...
##........#...#...#...
...
#.........#..#.#..####
... ##........####.#####
# ....
#...............#.###
...##
####.....####......## #.
...###.........##....#.#.
..##.
#.##...........#....##..


You could see Grum and a wolf.

Vanquished Creatures
  2 two-headed ogres (D:8)
  Pikel (D:5)
  Joseph (D:7)
  Maurice (D:8)
  Maggie (D:7)
  An orange demon (Abyss:1)
  A komodo dragon (D:7)
  2 hornets
  Grinder (D:5)
  Prince Ribbit (D:8)
  A shadow (D:8)
  A vampire (D:6)
  5 yaks (D:8)
  Eustachio (D:4)
  2 wargs (D:8)
  A large abomination (Abyss:1)
  Duvessa (D:5)
  2 water moccasins
  A sky beast (D:8)
  3 ice beasts
  2 orc warriors
  An ogre (D:5)
  A wolf (D:8)
  2 centaurs
  2 kobold brigands (D:8)
  4 bullfrogs
  3 scorpions
  A necrophage (D:8)
  2 gnoll sergeants
  4 wights (D:8)
  Dowan (D:5)
  3 killer bees (D:7)
  2 howler monkeys
  4 hounds
  An orc priest (D:7)
  Crazy Yiuf (D:6)
  A gnoll bouda (D:5)
  4 iguanas
  6 orc wizards
  Robin (D:2)
  7 adders
  9 gnolls
  A shadow imp (D:6)
  A white imp (D:5)
  An ufetubus (D:3)
  A worm (D:3)
  12 orcs
  5 ball pythons
  8 bats
  7 endoplasms
  6 giant cockroaches
  14 goblins
  9 hobgoblins
  15 kobolds
  2 quokkas
  7 frilled lizards
  4 rats
185 creatures vanquished.

Vanquished Creatures (others)
  7 toadstools (D:1)
7 creatures vanquished.

Grand Total: 192 creatures vanquished

Notes
Turn   | Place    | Note
-------+----------+-------------------------------------------
     0 | D:1      | bmack86 the Minotaur Fighter began the quest for the Orb.
     0 | D:1      | Reached XP level 1. HP: 19/19 MP: 0/0
   120 | D:1      | Reached XP level 2. HP: 22/27 MP: 1/1
   608 | D:1      | Reached XP level 3. HP: 33/33 MP: 2/2
   873 | D:2      | Noticed Robin
   895 | D:2      | Killed Robin
   896 | D:2      | Reached XP level 4. HP: 36/41 MP: 3/3
  2222 | D:4      | Identified a scroll of acquirement
  2222 | D:4      | Acquired a +0 pair of boots of flying
  2236 | D:4      | Reached skill level 5 in Fighting
  2236 | D:4      | Reached XP level 5. HP: 48/48 MP: 4/4
  2239 | D:4      | Found a large runed translucent door.
  2239 | D:4      | Found a large runed translucent door.
  2247 | D:4      | Found a shimmering altar of Xom.
  2443 | D:4      | Reached XP level 6. HP: 57/57 MP: 5/5
  2568 | D:4      | Reached skill level 5 in Axes
  2575 | D:4      | Noticed Eustachio
  2595 | D:4      | Killed Eustachio
  2596 | D:4      | Reached skill level 5 in Armour
  2596 | D:4      | Reached skill level 5 in Shields
  2988 | D:4      | Found a staircase to the Ecumenical Temple.
  2993 | D:4      | Reached XP level 7. HP: 63/63 MP: 6/6
  3055 | Temple   | Entered the Ecumenical Temple
  3061 | Temple   | Became a worshipper of Warmaster Okawaru
  3511 | Abyss:1  | Cast into level 1 of the Abyss (kobold)
  3543 | Abyss:1  | Noticed a large abomination
  3546 | Abyss:1  | Noticed an orange demon
  3553 | Abyss:1  | Killed a large abomination
  3557 | Abyss:1  | Killed an orange demon
  3562 | D:4      | Escaped the Abyss
  3794 | D:5      | Entered Level 5 of the Dungeon
  3853 | D:5      | Noticed Duvessa
  3857 | D:5      | Noticed Dowan
  3862 | D:5      | Killed Duvessa
  3862 | D:5      | Reached * piety under Okawaru
  3863 | D:5      | Reached XP level 8. HP: 31/73 MP: 7/7
  3879 | D:5      | Killed Dowan
  4545 | D:5      | Noticed Grinder
  4553 | D:5      | Paralysed by something for 3 turns
  4556 | D:5      | Noticed Pikel
  4562 | D:5      | Killed Pikel
  4562 | D:5      | Reached ** piety under Okawaru
  4563 | D:5      | Reached skill level 1 in Throwing
  4563 | D:5      | Reached skill level 1 in Invocations
  4563 | D:5      | Reached XP level 9. HP: 71/82 MP: 7/9
  4581 | D:5      | Killed Grinder
  5218 | D:6      | Found a sparkling altar of Nemelex Xobeh.
  5302 | D:6      | Found a snail-covered altar of Cheibriados.
  5302 | D:6      | Found a burning altar of Makhleb.
  5348 | D:6      | Found a runed translucent door.
  5349 | D:6      | Noticed Crazy Yiuf
  5355 | D:6      | Killed Crazy Yiuf
  5941 | D:7      | Noticed a komodo dragon
  5955 | D:7      | Killed a komodo dragon
  6056 | D:7      | Reached *** piety under Okawaru
  6057 | D:7      | Reached skill level 10 in Fighting
  6202 | D:7      | Identified the +2 scale mail of Prudence {Int+5}
  6296 | D:7      | Noticed Joseph
  6305 | D:7      | Reached XP level 10. HP: 92/93 MP: 11/11
  6315 | D:7      | Killed Joseph
  6477 | D:8      | Noticed Maggie
  6497 | D:7      | Killed Maggie
  6498 | D:7      | Reached skill level 10 in Axes
  6515 | D:8      | Noticed Prince Ribbit
  6538 | D:8      | Killed Prince Ribbit
  6538 | D:8      | Received a gift from Okawaru
  6584 | D:8      | Found a staircase to the Lair.
  6653 | D:8      | Noticed a two-headed ogre
  6662 | D:8      | Killed a two-headed ogre
  6662 | D:8      | Reached **** piety under Okawaru
  6809 | D:8      | Noticed Maurice
  6827 | D:8      | Killed Maurice
  6924 | D:8      | Noticed a two-headed ogre
  6935 | D:8      | Killed a two-headed ogre
  6935 | D:8      | Reached ***** piety under Okawaru
  6938 | D:8      | Reached XP level 11. HP: 74/102 MP: 11/13
  7205 | D:8      | Noticed Grum
  7219 | D:8      | HP: 4/102 [Grum/+1 glaive (15)]
  7220 | D:8      | HP: 1/102 [Grum/+1 glaive (4)]
  7221 | D:8      | Mangled by a wolf

Illustrated notes

Levels and vault maps discovered:
D:1:      nagdon_arrival_double_spiral, layout_basic
D:2:      layout_basic, corexii_shack, st_stairs_14, serial_park_tiny_pond,
          uniq_robin
D:3:      layout_basic
D:4:      due_chaos_kobolds, layout_loops_corners,
          minmay_temple_entry_statues_pillars, kennysheep_generic_room_3,
          uniq_eustachio
D:5:      layout_loops_ring, guppyfry_early_lair_pool, uniq_duvessa, uniq_pikel,
          uniq_grinder
D:6:      layout_loops_ring, nemelex_xobeh_ov_fountains_minmay,
          gammafunk_temple_overflow_statue, chequers_jeans,
          nicolae_figureground_sparkle, uniq_crazy_yiuf_cottage
D:7:      layout_cave_pools, uniq_joseph
D:8:      layout_cave_pools, erik_lair_orcish_takeover, wad_rectangle_vault,
          uniq_maurice, uniq_maggie, uniq_prince_ribbit1, uniq_grum
Temple:   dpeg_three_leaves_temple

Skill      XL: |  1  2  3  4  5  6  7  8  9 10 |
---------------+-------------------------------+-----
Fighting       | 4 5 6 7 8 10 11 | 11.5
Axes           | 3 4 5 6 8 9 11 | 11.3
Armour         | 4 5 6 7 8 |  8.6
Shields        | 4 5 6 7 8 |  8.5
Throwing       | 1 3 4 |  4.6
Invocations    | 1 3 4 |  4.6

Action                   |  1- 3 |  4- 6 |  7- 9 | 10-12 || total
-------------------------+-------+-------+-------+-------++-------
Melee: War axe           |    67 |   101 |   198 |   135 ||   501
       Headbutt          |     6 |    17 |    33 |    31 ||    87
Throw: Boomerang         |       |       |     7 |       ||     7
Invok: Heroism           |       |       |     2 |     3 ||     5
  Use: Scroll            |       |     7 |    11 |       ||    18
       Potion            |       |     1 |     1 |       ||     2
Armor: Scale mail        |    62 |    46 |       |       ||   108
       Plate armour      |       |     1 |   132 |    64 ||   197
Dodge: Dodged            |    46 |    49 |   123 |    60 ||   278
Block: Buckler           |    20 |    25 |    64 |    36 ||   145

Table legend: (Time is in decaauts)
 A = Elapsed time spent in this place.
 B = Non-inter-level travel time spent in this place.
 C = Inter-level travel time spent in this place.
 D = Time resting spent in this place.
 E = Time spent auto-exploring this place.
 F = Levels seen in this place.
 G = Mean time per level.
                   A        B        C        D        E       F      G
               +--------+--------+--------+--------+--------+-----+--------+
         Total |   7326 |   7150 |    176 |    644 |   4433 |  10 |  732.6 |
       Dungeon |   7140 |   6964 |    176 |    644 |   4418 |   8 |  892.5 |
        Temple |    132 |    132 |      0 |      0 |     15 |   1 |  132.0 |
         Abyss |     53 |     53 |      0 |      0 |      0 |   1 |   53.0 |
               +--------+--------+--------+--------+--------+-----+--------+

Top non-repeatable levels by time:
     D:4: 1421 daAuts
     D:5: 1248 daAuts
     D:1: 841 daAuts
     D:6: 819 daAuts
     D:3: 738 daAuts
     D:8: 712 daAuts
     D:2: 709 daAuts
     D:7: 650 daAuts
  Temple: 132 daAuts
 Abyss:1: 53 daAuts
